 Dungeon Crawl Stone Soup version 0.28.0 (webtiles) character file.

Game seed: 3266315549062125517

417 browni3141 the Chopper (level 6, -1/84 HPs)
             Began as a Minotaur Berserker on Feb 10, 2022.
             Was a Believer of Trog.
             Killed from afar by a steam dragon (22 damage)
             ... with a ball of steam
             ... on level 7 of the Dungeon.
             The game lasted 00:01:28 (2268 turns).

browni3141 the Chopper (Minotaur Berserker)         Turns: 2268, Time: 00:01:29

Health: -1/84      AC:  2    Str: 24    XL:     6   Next: 61%
Magic:  5/5        EV: 12    Int:  4    God:    Trog [**....]
Gold:   265        SH:  0    Dex:  9    Spells: 5/5 levels left

rFire   . . .      SeeInvis .   m - +0 broad axe
rCold   . . .      Faith    .   (no shield)
rNeg    . . .      Spirit   .   b - +0 animal skin
rPois   .          Reflect  .   (helmet restricted)
rElec   .          Harm     .   (no cloak)
rCorr   .          Rampage  .   (no gloves)
Will    .....                   (no boots)
Stlth   ..........              (no amulet)
HPRegen 0.24/turn               (no ring)
MPRegen 0.09/turn               (no ring)

@: berserking, very quick
A: horns 2, retaliatory headbutt
a: Renounce Religion, Berserk, Trog's Hand


You were on level 7 of the Dungeon.
You worshipped Trog.
Trog was pleased with you.
You visited 1 branch of the dungeon, and saw 7 of its levels.

You collected 265 gold pieces.

Inventory:

Hand Weapons
 a - a +0 hand axe
 m - a +0 broad axe (weapon)
Armour
 b - a +0 animal skin (worn)
Jewellery
 g - a +6 ring of strength
Wands
 l - a wand of iceblast (8)
Scrolls
 c - a scroll of brand weapon {unknown}
 e - 2 scrolls of enchant armour {unknown}
 f - a scroll of vulnerability {unknown}
 i - a scroll of identify {unknown}
 k - 2 scrolls of teleportation {unknown}
Potions
 d - 3 potions of brilliance {unknown}
 h - a potion of attraction {unknown}
 j - a potion of haste {unknown}
 n - 2 potions of heal wounds {unknown}


   Skills:
 + Level 5.4 Fighting
 + Level 5.5 Axes
 + Level 4.7 Armour
 + Level 4.3 Dodging


You had 5 spell levels left.
You didn't know any spells.
Your spell library was empty.

Dungeon Overview and Level Annotations

Branches:
Dungeon (7/15)
 Temple: D:4-7

Altars:
Dithmenos


Innate Abilities, Weirdness & Mutations

You have a pair of horns on your head.
You reflexively headbutt those who attack you in melee.


Message History

Found a stone staircase leading up.
You now have 265 gold pieces (gained 13).
n - 2 bubbling grey potions (gained 1)
There is a stone staircase leading up here.
Found a leather armour and 25 sling bullets.
Found an escape hatch in the ceiling.
A steam dragon comes into view.
The steam dragon moves out of view.
A steam dragon is nearby!
A steam dragon is nearby!
A steam dragon is nearby!
A red film seems to cover your vision as you go berserk!
You feel yourself moving faster!
You feel mighty! The steam dragon bites you.
The steam dragon closely misses you.
An orc comes into view. It is wielding a +0 short sword.
You closely miss the steam dragon.
The orc shouts!
You hear a shout!
The steam dragon closely misses you. The steam dragon claws you.
You closely miss the steam dragon. The steam dragon breathes steam at you.
The ball of steam hits you!
An orc wizard comes into view. It is wielding a +0 dagger.
You hear a shout! x2
You hit the steam dragon but do no damage.
You headbutt the steam dragon!
The steam dragon is heavily wounded.
You are engulfed in a cloud of scalding steam.
The steam dragon bites you!
The steam dragon claws you but does no damage.
You barely miss the steam dragon. You headbutt the steam dragon!
The steam dragon is almost dead.
You are engulfed in a cloud of scalding steam.
The steam dragon bites you! The steam dragon closely misses you.
You closely miss the steam dragon.
The steam dragon is almost dead.
You are engulfed in a cloud of scalding steam.
* * * LOW HITPOINT WARNING * * *
The steam dragon breathes steam at you. The ball of steam hits you!!
You die...

#... #...## # ###....#
.. .### ......#...
.....###..#....#
.....#.<... ..#
......(..D##..##..
......[#..@§.o.o..
.....#......§..#..
..!........§§.....
#...#####.........
###.............§§..
#####.. .#####..........
...##.######.<.#.....§..
...##........#...####..#
..................... #


You could see a steam dragon (catching breath), an orc wizard and an orc.

Vanquished Creatures
  A sky beast (D:6)
  2 ogres
  2 hounds (D:5)
  An iguana (D:6)
  A killer bee zombie (D:6)
  A howler monkey zombie (D:6)
  An adder (D:2)
  An adder skeleton (D:4)
  A dart slug (D:3)
  An orc (D:3)
  6 endoplasms
  2 giant cockroaches
  3 goblins
  2 hobgoblins
  3 jackals (D:3)
  2 quokkas
  A ball python (D:1)
  4 frilled lizards
35 creatures vanquished.

Notes
Turn   | Place    | Note
-------+----------+-------------------------------------------
     0 | D:1      | browni3141 the Minotaur Berserker began the quest for the
                  | Orb.
     0 | D:1      | Reached XP level 1. HP: 19/19 MP: 0/0
   345 | D:1      | Found a faded altar of an unknown god.
   427 | D:1      | Reached XP level 2. HP: 21/27 MP: 1/1
  1216 | D:2      | Reached XP level 3. HP: 33/33 MP: 2/2
  1281 | D:3      | Reached ** piety under Trog
  1575 | D:4      | Noticed an ogre
  1581 | D:4      | Killed an ogre
  1582 | D:4      | Reached XP level 4. HP: 41/41 MP: 3/3
  1676 | D:5      | Entered Level 5 of the Dungeon
  1689 | D:5      | Found a shadowy altar of Dithmenos.
  1793 | D:5      | Reached XP level 5. HP: 38/47 MP: 4/4
  1921 | D:6      | Noticed a sky beast
  1925 | D:6      | Reached skill level 5 in Axes
  1930 | D:6      | Killed a sky beast
  1931 | D:6      | Reached skill level 5 in Fighting
  1931 | D:6      | Reached XP level 6. HP: 37/56 MP: 5/5
  2258 | D:7      | Noticed a steam dragon
  2268 | D:7      | Killed from afar by a steam dragon

Illustrated notes

Levels and vault maps discovered:
D:1:      matt_arrival_refuge, layout_loops_ring,
          shapermc_ecumenical_altar_mp_urbaneastern
D:2:      layout_basic
D:3:      layout_basic
D:4:      layout_basic, minmay_temple_entry_glassed_door, dk_noncrumbling_3,
          kennysheep_generic_room_3
D:5:      layout_loops_cross, lemuel_crystal_altar, kennysheep_generic_room_12
D:6:      layout_basic, uniq_grinder
D:7:      layout_rooms, mainiacjoe_overflow_concentric_impassable,
          nzn_ghost_randoct, minmay_statues_item, kennysheep_generic_room_5

Skill      XL: |  1  2  3  4  5 |
---------------+----------------+-----
Fighting       | 4 5 |  5.4
Axes           | 4 5 |  5.5
Armour         | 3 4 |  4.7
Dodging        | 3 4 |  4.3

Action                   |  1- 3 |  4- 6 || total
-------------------------+-------+-------++-------
Melee: Hand axe          |    53 |     3 ||    56
       Headbutt          |    11 |     5 ||    16
       Broad axe         |       |    29 ||    29
Invok: Berserk           |     1 |     3 ||     4
 Stab: Sleeping          |     1 |       ||     1
Armor: Animal skin       |     2 |     6 ||     8
Dodge: Dodged            |    29 |    26 ||    55
